Map: Dusk Towers

Players

HuK - Winner!

  • Race: Protoss Protoss
  • League: Grandmaster

PiG

  • Race: Zerg Zerg
  • League: Platinum

Event: 2016 WCS Winter Circuit Championship

VOD

https://www.youtube.com/watch?v=7VrMuhTlfAE

Description

Time

  • Played on: March 2, 2016, 9:08 a.m.
  • Length: 13:45

All games in this series

Show
View Real Time Build Order
Export as new Build Order

HuK Protoss - Winner!

Build Orders: 1 Gate Expand, Phoenix Opening 

Get SALT Encoding   

  12  0:00  Probe (Chrono Boost)  
  13  0:11  Probe (Chrono Boost)  
  14  0:17  Pylon  
  14  0:22  Probe (Chrono Boost)  
  15  0:36  Probe (Chrono Boost)  
  15  0:37  Gateway  
  15  0:42  Assimilator  
  16  0:46  Probe (Chrono Boost)  
  18  0:57  Probe (Chrono Boost)  
  18  1:07  Probe (Chrono Boost)  
  19  1:18  Probe (Chrono Boost)  
  20  1:23  Cybernetics Core  
  20  1:28  Probe (Chrono Boost)  
  21  1:35  Nexus  
  21  1:39  Probe (Chrono Boost)  
  22  1:43  Pylon  
  22  1:49  Assimilator  
  22  1:51  Probe (Chrono Boost)  
  23  2:00  Warp Gate  
  23  2:01  Probe (Chrono Boost)  
  24  2:12  Probe (Chrono Boost)  
  26  2:23  Probe (Chrono Boost)  
  26  2:29  Stargate  
  26  2:32  Adept  
  26  2:33  Probe (Chrono Boost)  
  29  2:38  Gateway  
  29  2:40  Gateway  
  29  2:44  Probe (Chrono Boost)  
  29  2:47  Probe (Chrono Boost)  
  31  2:55  Probe (Chrono Boost)  
  31  2:58  Probe (Chrono Boost)  
  33  3:06  Mothership Core (Chrono Boost)  
  33  3:07  Probe (Chrono Boost)  
  33  3:12  Phoenix (Chrono Boost)  
  38  3:17  Probe  
  39  3:26  Probe  
  40  3:27  Probe  
  40  3:34  Nexus  
  41  3:37  Phoenix (Chrono Boost)  
  43  3:43  Pylon  
  43  3:48  Probe  
  43  3:50  Probe  
  45  4:00  Probe  
  45  4:01  Probe  
  46  4:04  Adept x2  
  46  4:05  Sentry  
  53  4:13  Pylon, Probe  
  54  4:17  Pylon  
  54  4:19  Assimilator  
  54  4:24  Assimilator  
  54  4:29  Probe  
  58  4:31  Phoenix (Chrono Boost), Probe  
  58  4:34  Adept x2  
  58  4:36  Adept  
  64  4:40  Probe  
  64  4:41  Pylon  
  64  4:43  Probe  
  64  4:45  Probe  
  66  4:51  Probe  
  68  4:53  Phoenix (Chrono Boost)  
  68  4:55  Probe  
  68  4:57  Twilight Council  
  71  5:01  Probe  
  71  5:04  Probe  
  73  5:07  Probe  
  74  5:14  Probe  
  74  5:19  Probe  
  74  5:20  Probe  
  77  5:24  Oracle (Chrono Boost)  
  77  5:25  Probe, Adept x3  
  87  5:29  Probe  
  87  5:30  Gateway  
  87  5:32  Probe  
  89  5:35  Probe  
  89  5:38  Charge  
  89  5:41  Gateway  
  90  5:43  Assimilator  
  90  5:45  Probe x2  
  90  5:49  Robotics Facility  
  92  5:50  Probe  
  92  5:55  Pylon  
  92  5:56  Pylon  
  93  6:13  Probe x3 (Chrono Boost)  
  93  6:14  Assimilator  
  93  6:16  Forge  
  96  6:21  Robotics Facility  
  96  6:23  Probe (Chrono Boost), Zealot x3  
  103  6:37  Immortal (Chrono Boost)  
  103  6:38  Zealot  
  109  6:40  Protoss Ground Weapons Level 1 (Chrono Boost)  
  109  6:42  Gateway  
  109  6:43  Gateway  
  109  6:44  Gateway  
  109  6:45  Pylon, Gateway  
  109  6:46  Gateway  
  109  6:51  Pylon  
  109  6:54  Pylon  
  109  7:02  Probe  
  109  7:03  Probe  
  111  7:11  Immortal x2 (Chrono Boost)  
  119  7:18  Zealot x5  
  119  7:22  Templar Archives  
  129  7:24  Pylon  
  127  7:46  Immortal (Chrono Boost)  
  127  7:47  Immortal (Chrono Boost)  
  135  7:51  Pylon  
  135  7:52  Pylon  
  135  7:53  Pylon  
  135  7:55  Pylon  
  135  8:06  Pylon  
  135  8:15  Nexus  
  135  8:20  Pylon x2  
  135  8:21  Immortal (Chrono Boost)  
  135  8:22  Immortal (Chrono Boost), High Templar x3  
  135  8:23  High Templar x3  
  135  8:24  Pylon  
  135  8:25  High Templar  
  135  8:26  Pylon  
  157  8:27  Archon x3  
  157  8:28  High Templar  
  157  8:29  Zealot x2  
  157  8:33  Archon  
  163  8:35  Protoss Ground Weapons Level 2  
  163  8:36  Pylon  
  163  8:51  Photon Cannon  
  163  8:55  Warp Prism (Chrono Boost)  
  169  8:56  Immortal (Chrono Boost)  
  165  9:24  Immortal (Chrono Boost)  
  165  9:27  Immortal (Chrono Boost)  
  155  9:44  Zealot x2  
  151  9:55  Immortal  
  151  9:57  Oracle  
  151  9:58  Immortal  
  148  10:02  Zealot x7  
  152  10:21  Zealot x3  
  152  10:22  Zealot x2  
  152  10:23  Zealot x4  
  167  10:29  Immortal, Zealot  
  167  10:33  Immortal  
  159  10:40  Zealot  
  143  10:48  Zealot x4  
  151  10:52  Zealot  
  143  10:59  Probe  
  143  11:01  Probe  
  143  11:02  Probe  
  144  11:06  Observer  
  144  11:07  Immortal, Protoss Ground Weapons Level 3  
  145  11:12  Probe, High Templar x3  
  156  11:21  High Templar x3  
  156  11:22  Immortal, High Templar  
  156  11:25  Probe  
  165  11:29  Photon Cannon  
  169  11:33  Archon x3  
  169  11:35  Zealot x3  
  169  11:36  Assimilator x2  
  175  11:45  Observer  
  175  11:54  Probe  
  177  11:56  Probe x3  
  177  11:58  Observer  
  177  12:00  Photon Cannon  
  181  12:02  Photon Cannon  
  181  12:06  Probe  
  181  12:08  Probe  
  183  12:12  High Templar  
  183  12:13  Zealot x6  
  197  12:19  Archon  
  195  12:38  Mothership Core  
  197  12:48  Zealot x3  
  199  13:02  Zealot  
  199  13:03  Zealot x2  
  199  13:05  Immortal  
  187  13:08  Zealot x6  
  187  13:09  Zealot  
  187  13:12  Phoenix (Chrono Boost)  
Show
View Real Time Build Order
Export as new Build Order

PiG Zerg 

Build Orders: 3 Hatch before Pool, Lurkers 

Get SALT Encoding   

  12  0:00  Drone  
  13  0:12  Overlord  
  13  0:17  Drone  
  14  0:31  Drone x2  
  14  0:35  Drone  
  17  0:44  Drone  
  18  0:56  Hatchery  
  17  0:58  Drone  
  18  1:06  Drone  
  19  1:23  Hatchery  
  18  1:26  Drone  
  18  1:31  Extractor  
  18  1:41  Spawning Pool  
  18  1:46  Drone  
  18  1:47  Drone  
  19  1:57  Drone  
  20  2:02  Overlord  
  20  2:10  Drone  
  20  2:11  Drone  
  22  2:20  Drone  
  23  2:23  Drone  
  23  2:28  Queen x2  
  28  2:37  Queen  
  28  2:39  Zergling x2  
  31  2:44  Metabolic Boost  
  31  2:47  Drone  
  31  2:49  Drone  
  33  2:51  Drone  
  33  2:56  Drone  
  35  3:00  Overlord  
  35  3:06  Drone  
  35  3:08  Drone  
  35  3:09  Drone x2  
  35  3:12  Overlord  
  39  3:13  Drone  
  39  3:14  Drone  
  41  3:21  Drone x2  
  41  3:26  Overlord  
  43  3:28  Queen  
  43  3:29  Drone  
  43  3:33  Drone  
  47  3:34  Extractor  
  47  3:39  Drone x2  
  48  3:43  Zergling x8  
  48  3:47  Drone x3  
  55  3:49  Drone  
  55  3:50  Drone  
  57  3:57  Overlord x2  
  57  4:01  Drone x2  
  57  4:02  Drone  
  60  4:07  Drone  
  60  4:08  Lair  
  60  4:09  Drone  
  62  4:15  Overlord x2  
  62  4:18  Drone x3  
  64  4:30  Drone  
  65  4:33  Drone x2  
  65  4:34  Drone x4  
  65  4:35  Spore Crawler  
  65  4:38  Spore Crawler  
  68  4:39  Spore Crawler, Drone x3  
  68  4:41  Spore Crawler  
  69  4:49  Hatchery, Zergling x4  
  69  4:52  Zergling x4  
  72  4:56  Baneling Nest, Zergling x2  
  72  5:00  Zergling x8  
  72  5:05  Spore Crawler  
  75  5:15  Zergling x4  
  75  5:17  Zergling x4  
  75  5:19  Drone  
  78  5:22  Queen  
  78  5:24  Extractor x2  
  78  5:25  Extractor  
  78  5:26  Extractor  
  76  5:32  Evolution Chamber, Drone x4  
  79  5:35  Hydralisk Den  
  79  5:41  Overseer  
  78  5:43  Drone x2  
  78  5:44  Drone  
  78  5:45  Drone  
  82  5:56  Overlord x4  
  82  5:57  Overlord x2  
  82  5:58  Zerg Missile Weapons Level 1  
  79  6:06  Muscular Augments  
  79  6:07  Drone x3  
  79  6:08  Drone x2  
  79  6:10  Drone  
  79  6:11  Drone x3  
  88  6:24  Drone x2  
  90  6:26  Drone x3  
  93  6:36  Hydralisk x6, Overlord x2  
  93  6:37  Hydralisk x2  
  93  6:38  Hydralisk  
  93  6:39  Drone  
  112  6:45  Spore Crawler  
  111  6:49  Baneling  
  111  6:50  Baneling x4, Hydralisk x4  
  111  6:52  Hydralisk  
  118  7:07  Drone x3  
  120  7:09  Overlord  
  120  7:10  Extractor, Overlord x3  
  120  7:13  Extractor, Drone x4  
  120  7:14  Drone x2  
  124  7:17  Lurker Den  
  124  7:21  Spire  
  123  7:25  Pneumatized Carapace  
  123  7:31  Drone x2  
  123  7:32  Drone x5  
  128  7:46  Drone x2  
  128  7:49  Drone x3  
  128  7:50  Drone, Overlord x2  
  128  7:51  Hydralisk x2, Overlord  
  134  7:53  Zerg Missile Weapons Level 2  
  137  8:16  Hydralisk x11  
  159  8:27  Hydralisk x6  
  171  8:35  Overseer  
  171  8:36  Overseer  
  169  8:53  Lurker x4  
  169  8:54  Lurker x2  
  175  9:02  Lurker x2  
  177  9:04  Hydralisk  
  177  9:05  Zergling x18  
  177  9:07  Hatchery  
  166  9:38  Drone x4  
  158  9:45  Hatchery  
  154  9:46  Zerg Flyer Weapons Level 1, Drone x2  
  156  9:54  Hydralisk x4  
  156  9:56  Zergling x12  
  159  10:07  Hydralisk x4  
  159  10:14  Hydralisk x2  
  152  10:28  Hydralisk x4  
  152  10:29  Hydralisk x3  
  152  10:34  Overlord  
  142  10:54  Drone x5  
  141  11:07  Hatchery  
  140  11:11  Spawning Pool  
  139  11:31  Zerg Ground Armor Level 1  
  139  11:35  Drone x8  
  139  11:39  Mutalisk x4  
  155  11:47  Hatchery  
  155  11:51  Hydralisk x2  
  158  12:21  Hydralisk x7  
  158  12:22  Hydralisk  
  169  12:29  Queen  
  171  12:32  Hydralisk x2  
  171  12:34  Lurker x3  
  171  12:35  Lurker x2  
  180  12:43  Zergling x8  
  184  12:47  Hydralisk x4  
  192  12:51  Extractor  
  192  12:54  Extractor  
  169  13:08  Hydralisk x2  
  169  13:09  Hydralisk x9  
Tags
 
Add a new tag
Caveats
  • Supply blocks, unpowered buildings, or Contaminate may cause inaccurate times.
  • Supply counts are checked every 10 seconds.